cohdb
Replays
Latest Replays
All Replays
Popular Replays
Top Player Replays
Match Explorer
How It Works
Community
CoH3 Stats
Reddit
Sign in to upload your games and track your stats! →
Sign in with Steam
Match 47150036
Unlisted
Match 47150036
Overview
Messages
Build Orders
End
Selects Luftwaffe Battlegroup
Selects Luftwaffe Pioneer Support
Construct Infanterie Kompanie
Fallschirmpioneer Squad Paradrop
MG 42 Machine Gun Team
Fallschirmpioneer Squad Paradrop
MG 42 Machine Gun Team
Fallschirmpioneer Squad Paradrop
Medical Station
XmrzeroX
Thani
CAuMOH
K̳itsuné
0
0
Comments
sign in to comment!
No comments posted yet!